cohdb
Replays
Latest Replays
All Replays
Popular Replays
Top Player Replays
Match Explorer
How It Works
Community
CoH3 Stats
Reddit
Sign in to upload your games and track your stats! →
Sign in with Steam
Match 41168677
Unlisted
Match 41168677
Overview
Messages
Build Orders
End
Selects Airborne Battlegroup
Selects Pathfinders
Pathfinder Squad
Construct Weapon Support Center
Pathfinder Squad
Construct Weapon Support Center
M1919 Machine Gun Team
M1919 Machine Gun Team
Construct Medical Station
Selects Paratrooper Squad Paradrop
Mechanized Support Center
Paratrooper Squad Paradrop
Construct Tank Depot
Selects Anti-tank Gun Team Paradrop
Anti-tank Gun Team Paradrop
M4A1 Sherman Medium Tank
Designate Forward Repair Station
CAuMOH
Asuka top soska>З
The101stAirBorne ITA
BamboneWertherone ITA
0
0
Comments
sign in to comment!
No comments posted yet!